 Dungeon Crawl Stone Soup version 0.30-a0-170-g85af917532 (webtiles) character file.

Game seed: 10840999427504762795

455 qw the Chopper (level 7, 0/43 HPs)
             Began as a Gargoyle Fighter on Oct 1, 2022.
             Slain by Menkaure (8 damage)
             ... on level 4 of the Dungeon.
             The game lasted 00:01:26 (3684 turns).

qw the Chopper (Gargoyle Fighter)                   Turns: 3684, Time: 00:01:26

Health: 0/43       AC: 13    Str: 22    XL:     7   Next: 5%
Magic:  7/7        EV:  7    Int:  8    God:
Gold:   105        SH:  4    Dex:  9    Spells: 6/6 levels left

rFire   . . .      SeeInvis .    Y - +0 war axe
rCold   . . .      Faith    .    c - +0 buckler
rNeg    + + .      Spirit   .    i - +0 chain mail
rPois   inf        Reflect  .    (no helmet)
rElec   +          Harm     .    (no cloak)
rCorr   .          Rampage  .    (no gloves)
Will    +....                    (no boots)
Stlth   ..........               (no amulet)
HPRegen 0.14/turn                a - ring of positive energy
MPRegen 0.10/turn                g - ring of willpower

@: no status effects
A: sickness immunity, AC +4, negative energy resistance 1, electricity
resistance, torment resistance 1, petrification resistance
a: no special abilities


You were on level 4 of the Dungeon.
You visited 1 branch of the dungeon, and saw 4 of its levels.

You collected 139 gold pieces.
You spent 34 gold pieces at shops.


Innate Abilities, Weirdness & Mutations

You are immune to sickness and miasma.
Your stone body is resilient. (AC +4)
You are immune to poison.
You resist negative energy. (rN+)
You are resistant to electric shocks. (rElec)
You are resistant to unholy torment.
You are immune to petrification.


   Skills:
 - Level 4.2 Fighting
 - Level 6.1 Axes
 - Level 1.1 Throwing
 - Level 3.2 Armour
 + Level 0.2 Dodging
 - Level 3.2 Shields


You had 6 spell levels left.
You didn't know any spells.
Your spell library was empty.

Inventory:

Hand Weapons
 e - a +0 morningstar
 Y - a +0 war axe (weapon)
Missiles
 j - 2 boomerangs
 l - 10 javelins (quivered)
 n - 5 boomerangs of dispersal
Armour
 b - the +0 pair of boots "Digaufuz" {Fly rElec rF+ SInv}
   (You found it on level 4 of the Dungeon)

   rF:        It protects you from fire.
   rElec:     It insulates you from electricity.
   SInv:      It lets you see invisible.
   Fly:       It grants you flight.
 c - a +0 buckler (worn)
 i - a +0 chain mail (worn)
 o - a +0 pair of gloves
Jewellery
 a - a ring of positive energy (left hand)
 g - a ring of willpower (right hand)
Scrolls
 k - 3 scrolls of identify
Potions
 d - a potion of might
 f - a potion of curing
 h - a potion of attraction {unknown}
 m - a potion of invisibility {unknown}

Dungeon Overview and Level Annotations

Branches:
Dungeon (4/15)
 Temple: D:4-7

Altars:
Kikubaaqudgha
Sif Muna
Vehumet
Wu Jian

Shops:
D:2 *   D:3 [

Annotations:
D:4 1 runed translucent door, Crazy Yiuf, Menkaure


Message History

You slash the black bear!
You kill the black bear!
Your Axes skill increases to level 6!
You have reached level 7!
You start resting.
HP restored.
You see here a black bear corpse.
l - 8 javelins (gained 1)
l - 9 javelins (gained 1)
l - 10 javelins (gained 1)
k - 3 scrolls of identify (gained 1)
Found an escape hatch in the ceiling.
Enter note:
Enter note: You see here a black bear corpse.
An adder comes into view.
The adder hisses angrily.
Throw: 10 javelins
Press: ? - help, Q - select action, (/) - cycle Shift-Dir - straight line, f - adder You throw a javelin.
The javelin pierces through the adder!
You kill the adder!
l - 10 javelins (gained 1)
Found a hammer.
Crazy Yiuf shouts!
You now have 105 gold pieces (gained 10).
Menkaure, Prince of Dust comes into view.
Menkaure shouts!
Enter note:
Found an escape hatch in the floor.
You completely miss Menkaure. Menkaure hits you!
You hit Menkaure.
Menkaure is moderately damaged.
Menkaure hits you!
You hit Menkaure.
Menkaure is heavily damaged.
Menkaure hits you!
You slash Menkaure!
Menkaure is almost destroyed.
Menkaure hits you!
You die...

####. #.. ..# #. # ...
##.#### ## >. #.#
#......# #.####.#
#.#.#7.7#7#7
#......#####.#.##.....#
#......##......7.7.7.7
#......##.............
#...M@.........7.7.7.7
#......##............!
#......##......7#7#7#7
#......##.......#
#########.......#
###.##### #.# ## #.#
#######. #.# #.......


You could see Menkaure.

Vanquished Creatures
  A black bear (D:4)
  2 orc priests (D:3)
  Jessica (D:2)
  Ijyb (D:4)
  5 orc wizards
  3 adders
  2 worms (D:2)
  2 dart slugs
  12 orcs
  6 ball pythons
  11 endoplasms
  2 giant cockroaches (D:1)
  8 goblins
  6 hobgoblins
  5 jackals (D:3)
  5 bats
  4 frilled lizards
  7 kobolds
  6 rats
89 creatures vanquished.

Vanquished Creatures (others)
  A plant (D:4)
1 creature vanquished.

Grand Total: 90 creatures vanquished

Notes
Turn   | Place    | Note
-------+----------+-------------------------------------------
     0 | D:1      | qw the Gargoyle Fighter began the quest for the Orb.
     0 | D:1      | Reached XP level 1. HP: 14/14 MP: 1/1
     0 | D:1      | 0 ||| qw: Version: 0.2-a-13-gfc7b4b4
     0 | D:1      | 0 ||| qw: Game counter: 1726
     0 | D:1      | 0 ||| qw: Always use a shield: true
     0 | D:1      | 0 ||| qw: God list: Okawaru
     0 | D:1      | 0 ||| qw: Allow faded altars: false
     0 | D:1      | 0 ||| qw: Do Orc after D:15 true
     0 | D:1      | 0 ||| qw: Do second Lair branch before Depths: true
     0 | D:1      | 0 ||| qw: Lair rune preference: random
     0 | D:1      | 0 ||| qw: Plans: Normal, Zot:1-4, God:TSO, Crypt, Tomb,
                  | Pan, Slime:5, Hells, Abyss, Orb
     0 | D:1      | 0 ||| PLANNING D:1-11
    21 | D:1      | Reached skill level 2 in Axes
    23 | D:1      | You fall into a shaft and drop 1 floor!
   185 | D:2      | Reached XP level 2. HP: 19/19 MP: 2/2
   187 | D:2      | 187 ||| DROPPING +0 club.
   243 | D:2      | 243 ||| Stepping ~*~*~tactically~*~*~ (stealth).
   348 | D:2      | 348 ||| READING 3 scrolls labelled BESIS HEALEOL.
   349 | D:2      | 349 ||| DRINKING 2 puce potions.
   350 | D:2      | 350 ||| DROPPING 2 scrolls of vulnerability.
   351 | D:2      | 351 ||| DROPPING potion of degeneration.
   355 | D:2      | 355 ||| FLEEEEING.
   356 | D:2      | 356 ||| FLEEEEING.
   357 | D:2      | 357 ||| STAIRDANCE
   381 | D:1      | 381 ||| Stepping ~*~*~tactically~*~*~ (stealth).
   389 | D:1      | 389 ||| DROPPING +0 whip.
   512 | D:1      | 512 ||| Stepping ~*~*~tactically~*~*~ (stealth).
   517 | D:1      | Reached skill level 3 in Axes
   521 | D:1      | Reached XP level 3. HP: 22/23 MP: 3/3
   918 | D:1      | 918 ||| READING scroll labelled LISEWA CAEFUCU.
   972 | D:1      | 972 ||| READING scroll labelled VACWOHE BOCO.
   972 | D:1      | Identified a scroll of acquirement
   972 | D:1      | 972 ||| ACQUIRING ring of positive energy
   972 | D:1      | Acquired a ring of positive energy
   974 | D:1      | 974 ||| UPGRADING to ring of positive energy.
   975 | D:1      | 975 ||| READING scroll labelled RIDGHOU UDIUG.
   976 | D:1      | 976 ||| READING scroll labelled BAW NUTIMPUSH.
   977 | D:1      | 977 ||| READING scroll labelled SEGHEP JAEN.
   998 | D:2      | Noticed Jessica
   999 | D:2      | 999 ||| STAIRDANCE
  1010 | D:1      | Reached skill level 1 in Throwing
  1021 | D:2      | Killed Jessica
  1022 | D:2      | Reached XP level 4. HP: 18/28 MP: 4/4
  1022 | D:2      | 1022 ||| FLEEEEING.
  1023 | D:2      | 1023 ||| FLEEEEING.
  1024 | D:2      | 1024 ||| STAIRDANCE
  1131 | D:2      | 1131 ||| STAIRDANCE
  1137 | D:2      | 1137 ||| STAIRDANCE
  1202 | D:2      | Found Rax Efo Afra's Assorted Antiques.
  1212 | D:2      | 1212 ||| BUYING 2 fizzy grey potions (34 gold).
  1212 | D:2      | Bought 2 fizzy grey potions for 34 gold pieces
  1212 | D:2      | 1212 ||| SHOPLISTING scroll labelled LEPLULORGHI (19 gold,
                  | have 17).
  1212 | D:2      | 1212 ||| SHOPLISTING scroll of acquirement (988 gold, have
                  | 17).
  1212 | D:2      | 1212 ||| SHOPLISTING scroll of teleportation (57 gold, have
                  | 17).
  1230 | D:2      | Reached skill level 4 in Axes
  1311 | D:2      | 1311 ||| DROPPING +0 flail of protection.
  1448 | D:2      | 1448 ||| DRINKING 2 fizzy grey potions.
  1708 | D:3      | Found Qakuxt's Antique Armour Shop.
  1718 | D:3      | 1718 ||| SHOPLISTING chain mail (112 gold, have 35).
  1718 | D:3      | 1718 ||| SHOPLISTING cloak (112 gold, have 35).
  1744 | D:3      | 1744 ||| Stepping ~*~*~tactically~*~*~ (stealth).
  1807 | D:3      | Reached XP level 5. HP: 14/32 MP: 5/5
  1807 | D:3      | HP: 6/32 [orc/+0 flail (8)]
  1808 | D:3      | 1808 ||| READING scroll of teleportation.
  1814 | D:3      | 1814 ||| FLEEEEING.
  1815 | D:3      | 1815 ||| FLEEEEING.
  1816 | D:3      | 1816 ||| FLEEEEING.
  1817 | D:3      | 1817 ||| FLEEEEING.
  1818 | D:3      | 1818 ||| FLEEEEING.
  1819 | D:3      | 1819 ||| FLEEEEING.
  1820 | D:3      | 1820 ||| FLEEEEING.
  1821 | D:3      | 1821 ||| FLEEEEING.
  1823 | D:3      | 1823 ||| STAIRDANCE
  2063 | D:2      | 2063 ||| UPGRADING to ring of willpower.
  2064 | D:2      | 2064 ||| DRINKING 2 glowing puce potions.
  2065 | D:2      | 2065 ||| DROPPING potion of brilliance.
  2272 | D:3      | Found an ornate altar of the Wu Jian Council.
  2273 | D:3      | 2273 ||| Stepping ~*~*~tactically~*~*~ (hiding).
  2285 | D:3      | Reached skill level 5 in Axes
  2598 | D:3      | 2598 ||| Stepping ~*~*~tactically~*~*~ (stealth).
  2617 | D:3      | 2617 ||| UPGRADING to +0 chain mail.
  2627 | D:3      | 2627 ||| DROPPING +0 scale mail.
  2628 | D:3      | 2628 ||| READING scroll labelled XAWEUG JARE.
  2629 | D:3      | 2629 ||| READING scroll labelled LAQOAM ZUMNEI.
  2904 | D:4      | Reached XP level 6. HP: 37/37 MP: 6/6
  2911 | D:4      | 2911 ||| FLEEEEING.
  2912 | D:4      | 2912 ||| FLEEEEING.
  2913 | D:4      | 2913 ||| FLEEEEING.
  2914 | D:4      | 2914 ||| FLEEEEING.
  2915 | D:4      | 2915 ||| FLEEEEING.
  2916 | D:4      | 2916 ||| FLEEEEING.
  2917 | D:4      | 2917 ||| FLEEEEING.
  2918 | D:4      | 2918 ||| FLEEEEING.
  2919 | D:4      | 2919 ||| FLEEEEING.
  2920 | D:4      | 2920 ||| FLEEEEING.
  2921 | D:4      | 2921 ||| FLEEEEING.
  2922 | D:4      | 2922 ||| FLEEEEING.
  2962 | D:4      | Found a shimmering blue altar of Sif Muna.
  3068 | D:4      | Found an ancient bone altar of Kikubaaqudgha.
  3146 | D:4      | Found a radiant altar of Vehumet.
  3169 | D:4      | Identified the +0 pair of boots "Digaufuz" {Fly rElec rF+
                  | SInv}
  3264 | D:4      | Noticed Ijyb
  3274 | D:4      | Paralysed by Ijyb for 3 turns
  3297 | D:4      | Killed Ijyb
  3309 | D:4      | 3309 ||| FLEEEEING.
  3356 | D:4      | 3356 ||| Stepping ~*~*~tactically~*~*~ (stealth).
  3414 | D:4      | Noticed a black bear
  3428 | D:4      | Killed a black bear
  3429 | D:4      | Reached skill level 6 in Axes
  3429 | D:4      | Reached XP level 7. HP: 33/43 MP: 7/7
  3616 | D:4      | Found a runed translucent door.
  3617 | D:4      | Noticed Crazy Yiuf
  3677 | D:4      | Noticed Menkaure
  3683 | D:4      | HP: 8/43 [Menkaure (15)]
  3684 | D:4      | Slain by Menkaure

Levels and vault maps discovered:
D:1:      minmay_arrival_open_corners, layout_rooms,
          wander_ebering_terrifying_dragon_lair
D:2:      layout_rooms, serial_shops,
          nicolae_shop_temple_entry_statues_fountains, uniq_jessica
D:3:      minmay_bubble_buster, layout_basic,
          nicolae_wu_jian_immortal_techniques, serial_shops,
          nicolae_shop_window_shopping, chequers_serial_rivers_micro_a
D:4:      layout_loops_cross, palyth_temple_overflow_mages, serial_forest,
          infiniplex_forest_corner_1, infiniplex_forest_clump_small,
          infiniplex_forest_lined_room_2, infiniplex_forest_clump_long,
          uniq_menkaure, uniq_crazy_yiuf_cottage, uniq_ijyb

Skill      XL: |  1  2  3  4  5  6 |
---------------+-------------------+-----
Axes           | 2 3 4 5 6 |  6.1
Throwing       | 1 |  1.1
Fighting       | 4 |  4.2
Armour         | |  3.2
Dodging        | |  0.2
Shields        | |  3.2

Action                   |  1- 3 |  4- 6 |  7- 9 || total
-------------------------+-------+-------+-------++-------
Melee: War axe           |    91 |   192 |     4 ||   287
Throw: Javelin           |     2 |    34 |     1 ||    37
  Use: Scroll            |     6 |     3 |       ||     9
       Potion            |     1 |     2 |       ||     3
Armor: Scale mail        |    52 |    48 |       ||   100
       Chain mail        |       |   114 |       ||   114
Dodge: Dodged            |    43 |    63 |       ||   106
Block: Buckler           |    20 |    35 |       ||    55

Table legend:
 A = Non-vault XP
 B = Vault XP
 C = Vault XP percentage of total XP
 D = Non-vault monster count
 E = Vault monster count
 F = Vault count percentage of total count
                 A         B        C        D         E       F
            +---------+---------+-------+---------+---------+-------
      Total |     420 |     230 |  35.4 |      73 |      16 |  18.0
            +---------+---------+-------+---------+---------+-------
        D:1 |      64 |       1 |   1.5 |      22 |       1 |   4.3
        D:2 |      31 |      37 |  54.4 |      15 |       1 |   6.2
        D:3 |     156 |      18 |  10.3 |      21 |       9 |  30.0
        D:4 |     169 |     174 |  50.7 |      15 |       5 |  25.0
            +---------+---------+-------+---------+---------+-------
